[Event "Live Chess"]
[Site "Chess.com"]
[Date "2010.12.01"]
[Round "-"]
[White "hipposcottimus"]
[Black "RazaAliSheikh"]
[Result "1-0"]
[CurrentPosition "5k2/5Q1R/2p5/p3p3/2P5/1P6/P5PP/7K b - -"]
[Timezone "UTC"]
[ECO "B01"]
[ECOUrl "https://www.chess.com/openings/Scandinavian-Defense-Mieses-Kotrc-Variation-3.Nc3"]
[UTCDate "2010.12.01"]
[UTCTime "22:45:34"]
[WhiteElo "1688"]
[BlackElo "1375"]
[TimeControl "60"]
[Termination "hipposcottimus won by checkmate"]
[StartTime "22:45:34"]
[EndDate "2010.12.01"]
[EndTime "22:47:29"]
[Link "https://www.chess.com/game/live/73131662"]

1. e4 d5 2. exd5 Qxd5 3. Nc3 Qe6+ 4. Be2 Nd7 5. Nf3 Ngf6 6. d4 g6 7. Bg5 Bg7 8. Bxf6 Qxf6 9. O-O O-O 10. Ne4 Qe6 11. Neg5 f6 12. Nxe6 Nb6 13. Nxf8 Kxf8 14. b3 Bg4 15. c4 Bxf3 16. Bxf3 Nd7 17. Bxb7 Re8 18. Bc6 Rd8 19. Bxd7 Rxd7 20. f4 g5 21. Rc1 gxf4 22. Qe1 f5 23. Rxf4 Bxd4+ 24. Kh1 Rd6 25. Rxf5+ Ke8 26. Rd1 Bf2 27. Rxf2 Rxd1 28. Qxd1 c6 29. Rf5 a5 30. Rh5 h6 31. Rxh6 Kf7 32. Qh5+ Kg7 33. Qg6+ Kf8 34. Rh7 e5 35. Qf7# 1-0

[Event "Live Chess"]
[Site "Chess.com"]
[Date "2010.12.01"]
[Round "-"]
[White "RazaAliSheikh"]
[Black "hipposcottimus"]
[Result "0-1"]
[CurrentPosition "6k1/6pp/p5b1/P1p5/2P4P/8/5r2/2K3r1 w - -"]
[Timezone "UTC"]
[ECO "A00"]
[ECOUrl "https://www.chess.com/openings/Clemenz-Opening-1...e5"]
[UTCDate "2010.12.01"]
[UTCTime "22:43:11"]
[WhiteElo "1377"]
[BlackElo "1686"]
[TimeControl "60"]
[Termination "hipposcottimus won by checkmate"]
[StartTime "22:43:11"]
[EndDate "2010.12.01"]
[EndTime "22:45:09"]
[Link "https://www.chess.com/game/live/73131079"]

1. h3 e5 2. g3 d5 3. f4 c5 4. fxe5 Nc6 5. d3 f6 6. e4 fxe5 7. exd5 Qxd5 8. Nf3 Nd4 9. Bg2 Nf6 10. Rg1 e4 11. Nh4 Be7 12. Bxe4 Nxe4 13. dxe4 Qxe4+ 14. Qe2 Nxc2+ 15. Kd2 Qxe2+ 16. Kxe2 Nxa1 17. Be3 O-O 18. Bf4 Nc2 19. Be5 Bf6 20. Nf5 Bxe5 21. Nc3 Nd4+ 22. Kd3 Nxf5 23. Kc4 Bxc3 24. bxc3 b5+ 25. Kxb5 a6+ 26. Kc4 Bb7 27. Kb3 Ne3 28. a4 Nd5 29. Rd1 Rad8 30. Rxd5 Bxd5+ 31. c4 Be4 32. Kb2 Rd3 33. Kc2 Bg6 34. Kc1 Rf2 35. a5 Rxg3 36. h4 Rg1# 0-1

[Event "Live Chess"]
[Site "Chess.com"]
[Date "2010.12.01"]
[Round "-"]
[White "hipposcottimus"]
[Black "johnelassona"]
[Result "1-0"]
[CurrentPosition "3r2k1/5p2/4p3/2p1P1pp/2P5/8/P5PP/6K1 b - -"]
[Timezone "UTC"]
[ECO "B20"]
[ECOUrl "https://www.chess.com/openings/Sicilian-Defense"]
[UTCDate "2010.12.01"]
[UTCTime "22:39:58"]
[WhiteElo "1684"]
[BlackElo "1744"]
[TimeControl "60"]
[Termination "hipposcottimus won on time"]
[StartTime "22:39:58"]
[EndDate "2010.12.01"]
[EndTime "22:42:03"]
[Link "https://www.chess.com/game/live/73130350"]

1. e4 c5 2. Bb5 Nc6 3. Bxc6 bxc6 4. Nf3 g6 5. c4 d6 6. d3 Bg7 7. Nc3 Nf6 8. Bd2 O-O 9. O-O e6 10. Ne1 Nd7 11. f4 d5 12. Nf3 dxe4 13. Nxe4 Nf6 14. Bc3 Nxe4 15. dxe4 Bb7 16. Qb3 Rb8 17. Qc2 Ba6 18. Rad1 Bxc4 19. Rxd8 Rfxd8 20. b3 Bb5 21. e5 Bf8 22. Nd2 a5 23. Nc4 Bxc4 24. bxc4 a4 25. Qxa4 Rd3 26. Qc2 Rbd8 27. Rc1 Bh6 28. Qb3 Bxf4 29. Rf1 g5 30. Qb7 h5 31. Qxc6 Be3+ 32. Kh1 Rxc3 33. Rg1 Rcd3 34. Qc7 Bxg1 35. Qxd8+ Rxd8 36. Kxg1 1-0

[Event "Live Chess"]
[Site "Chess.com"]
[Date "2010.12.01"]
[Round "-"]
[White "Orthodoxforever"]
[Black "hipposcottimus"]
[Result "1-0"]
[CurrentPosition "8/7p/8/5p2/1k6/p4PP1/K6P/8 b - -"]
[Timezone "UTC"]
[ECO "C45"]
[ECOUrl "https://www.chess.com/openings/Scotch-Game"]
[UTCDate "2010.12.01"]
[UTCTime "20:22:06"]
[WhiteElo "1779"]
[BlackElo "1684"]
[TimeControl "60"]
[Termination "Orthodoxforever won on time"]
[StartTime "20:22:06"]
[EndDate "2010.12.01"]
[EndTime "20:24:19"]
[Link "https://www.chess.com/game/live/73093569"]

1. e4 e5 2. Nf3 Nc6 3. d4 Nf6 4. d5 Ne7 5. Nxe5 d6 6. Nxf7 Kxf7 7. e5 dxe5 8. Bg5 Nfxd5 9. Qh5+ g6 10. Qf3+ Nf4 11. Bxf4 exf4 12. Qxf4+ Nf5 13. Bc4+ Kg7 14. Qe5+ Qf6 15. Qxc7+ Be7 16. O-O Be6 17. Bxe6 Qxe6 18. Nc3 Qf6 19. Rfe1 Rhc8 20. Qxb7 Rab8 21. Qe4 Rxb2 22. Nd5 Re8 23. Nxf6 Kxf6 24. Qe5+ Kf7 25. Qxb2 Bf6 26. Qb3+ Kg7 27. Rxe8 Bxa1 28. Qg8+ Kh6 29. Rf8 Bg7 30. Rxf5 gxf5 31. Qxg7+ Kxg7 32. c4 Kf6 33. c5 Ke6 34. c6 Kd6 35. c7 Kxc7 36. a4 Kb6 37. a5+ Kxa5 38. g3 a6 39. Kf1 Kb6 40. Ke2 a5 41. Kd2 Kb5 42. Kc2 Kb4 43. Kb2 a4 44. Ka2 a3 45. f3 1-0

[Event "Live Chess"]
[Site "Chess.com"]
[Date "2010.12.01"]
[Round "-"]
[White "hipposcottimus"]
[Black "NickFalgout"]
[Result "1-0"]
[CurrentPosition "3K4/5p2/8/5pp1/5Pk1/8/8/5R2 b - -"]
[Timezone "UTC"]
[ECO "B02"]
[ECOUrl "https://www.chess.com/openings/Alekhines-Defense-John-Tracy-Gambit"]
[UTCDate "2010.12.01"]
[UTCTime "20:18:58"]
[WhiteElo "1684"]
[BlackElo "1392"]
[TimeControl "60"]
[Termination "hipposcottimus won on time"]
[StartTime "20:18:58"]
[EndDate "2010.12.01"]
[EndTime "20:21:16"]
[Link "https://www.chess.com/game/live/73092784"]

1. e4 Nf6 2. Nf3 Nxe4 3. d3 Nf6 4. Nc3 g6 5. Bg5 Bg7 6. Ne4 d6 7. Nxf6+ Bxf6 8. Bxf6 exf6 9. Be2 O-O 10. O-O Re8 11. Re1 Bg4 12. c4 Nc6 13. d4 Qe7 14. d5 Qxe2 15. Qxe2 Rxe2 16. Rxe2 Bxf3 17. gxf3 Nd4 18. Rd2 Nf5 19. Re1 Kg7 20. Rde2 a5 21. a3 Nd4 22. b4 Nxe2+ 23. Rxe2 axb4 24. Re7 Rxa3 25. Rxc7 Ra1+ 26. Kg2 b6 27. Rb7 Rc1 28. Rxb6 Rxc4 29. Rxd6 b3 30. Rb6 Rc5 31. d6 Rd5 32. f4 Rd3 33. f3 f5 34. Kf1 Rxf3+ 35. Ke2 Rh3 36. d7 Rxh2+ 37. Kd3 b2 38. Kc4 b1=Q 39. Rxb1 Rd2 40. Rb7 Rd1 41. Kc5 h5 42. Kc6 h4 43. Kc7 h3 44. d8=Q Rxd8 45. Kxd8 h2 46. Rb1 Kh6 47. Rh1 Kh5 48. Rxh2+ Kg4 49. Rf2 g5 50. Rf1 1-0

[Event "Live Chess"]
[Site "Chess.com"]
[Date "2010.12.01"]
[Round "-"]
[White "Johnranellucci"]
[Black "hipposcottimus"]
[Result "1-0"]
[CurrentPosition "1r4rk/1b5p/8/2PppN2/1P2n2N/P4pP1/5P1P/3RR1K1 b - -"]
[Timezone "UTC"]
[ECO "C25"]
[ECOUrl "https://www.chess.com/openings/Vienna-Game-Max-Lange-Defense-3.Bc4-Nf6"]
[UTCDate "2010.12.01"]
[UTCTime "20:15:05"]
[WhiteElo "1731"]
[BlackElo "1681"]
[TimeControl "60"]
[Termination "Johnranellucci won on time"]
[StartTime "20:15:05"]
[EndDate "2010.12.01"]
[EndTime "20:17:08"]
[Link "https://www.chess.com/game/live/73091660"]

1. e4 e5 2. Nc3 Nc6 3. Bc4 Nf6 4. a3 Na5 5. d3 Nxc4 6. dxc4 b5 7. cxb5 a6 8. bxa6 Bxa6 9. Be3 c6 10. Nf3 Be7 11. Qd2 d6 12. b4 O-O 13. Ne2 Rb8 14. O-O Bb7 15. Rfe1 d5 16. exd5 cxd5 17. Nxe5 Bd6 18. Nf3 Qc7 19. Ned4 Ne4 20. Qd3 g5 21. c4 Kh8 22. c5 Bf4 23. Bxf4 gxf4 24. Nf5 Rg8 25. N3h4 f3 26. Qd4+ f6 27. g3 Qe5 28. Qxe5 fxe5 29. Rad1 1-0

[Event "Live Chess"]
[Site "Chess.com"]
[Date "2010.12.01"]
[Round "-"]
[White "hipposcottimus"]
[Black "Johnranellucci"]
[Result "0-1"]
[CurrentPosition "8/1pp5/1pkp4/8/8/r6R/1r3KPP/8 w - -"]
[Timezone "UTC"]
[ECO "C52"]
[ECOUrl "https://www.chess.com/openings/Giuoco-Piano-Game-Evans-Accepted-Slow-Variation"]
[UTCDate "2010.12.01"]
[UTCTime "20:13:05"]
[WhiteElo "1688"]
[BlackElo "1724"]
[TimeControl "60"]
[Termination "Johnranellucci won by resignation"]
[StartTime "20:13:05"]
[EndDate "2010.12.01"]
[EndTime "20:14:52"]
[Link "https://www.chess.com/game/live/73091137"]

1. e4 e5 2. Nf3 Nc6 3. Bc4 Bc5 4. b4 Bxb4 5. c3 Ba5 6. O-O Bb6 7. d4 exd4 8. cxd4 d6 9. Nc3 Bg4 10. Bb3 Nxd4 11. Bxf7+ Kxf7 12. Ng5+ Qxg5 13. Bxg5 Bxd1 14. Rfxd1 Ne6 15. Nd5 Nh6 16. Bxh6 gxh6 17. Nxb6 axb6 18. f4 Nxf4 19. Rf1 Ke6 20. Rxf4 Ra4 21. Kf2 Rha8 22. Kf3 Rxa2 23. Kg4 Rxa1 24. Rf5 R1a4 25. Rh5 Rxe4+ 26. Kg3 Ra3+ 27. Kf2 Rb4 28. Rxh6+ Kd7 29. Rxh7+ Kc6 30. Rh3 Rb2+ 0-1

[Event "Live Chess"]
[Site "Chess.com"]
[Date "2010.12.01"]
[Round "-"]
[White "MrMartin"]
[Black "hipposcottimus"]
[Result "0-1"]
[CurrentPosition "r1b2r1k/ppq1bppp/1n6/8/3P4/P3BN2/BP2QPPP/R2R2K1 w - -"]
[Timezone "UTC"]
[ECO "D04"]
[ECOUrl "https://www.chess.com/openings/Colle-System"]
[UTCDate "2010.12.01"]
[UTCTime "20:11:42"]
[WhiteElo "1603"]
[BlackElo "1695"]
[TimeControl "60"]
[Termination "hipposcottimus won on time"]
[StartTime "20:11:42"]
[EndDate "2010.12.01"]
[EndTime "20:12:49"]
[Link "https://www.chess.com/game/live/73090634"]

1. d4 d5 2. e3 Nf6 3. Nf3 Nfd7 4. Bd3 c5 5. O-O cxd4 6. exd4 e6 7. c4 Be7 8. Nc3 Nc6 9. Be3 Nb4 10. Qe2 O-O 11. a3 dxc4 12. Bxc4 Nd5 13. Nxd5 exd5 14. Bxd5 Nb6 15. Ba2 Kh8 16. Rfd1 Qc7 0-1

[Event "Live Chess"]
[Site "Chess.com"]
[Date "2010.12.01"]
[Round "-"]
[White "potomonto"]
[Black "hipposcottimus"]
[Result "0-1"]
[CurrentPosition "r4rk1/ppb3pp/6n1/1P6/P1Pp4/3P2Pb/R2N1q1P/3QR1K1 w - -"]
[Timezone "UTC"]
[ECO "C23"]
[ECOUrl "https://www.chess.com/openings/Bishops-Opening-2...Nc6"]
[UTCDate "2010.12.01"]
[UTCTime "20:09:13"]
[WhiteElo "1488"]
[BlackElo "1695"]
[TimeControl "60"]
[Termination "hipposcottimus won by resignation"]
[StartTime "20:09:13"]
[EndDate "2010.12.01"]
[EndTime "20:10:32"]
[Link "https://www.chess.com/game/live/73090051"]

1. e4 e5 2. Bc4 Nc6 3. Bxf7+ Kxf7 4. d3 Nf6 5. c3 Bd6 6. b4 Rf8 7. Be3 Ne7 8. Nf3 Kg8 9. Nbd2 Ng6 10. O-O c6 11. a4 Bc7 12. b5 d5 13. exd5 cxd5 14. c4 e4 15. Bd4 exf3 16. Bxf6 Qxf6 17. Nxf3 d4 18. Ra2 Qd6 19. g3 Bh3 20. Re1 Qf6 21. Nd2 Qxf2+ 0-1

[Event "Live Chess"]
[Site "Chess.com"]
[Date "2010.12.01"]
[Round "-"]
[White "luab"]
[Black "hipposcottimus"]
[Result "0-1"]
[CurrentPosition "r3r1k1/ppp3pp/2qb4/8/4p1b1/2N5/PPPB1P1P/2KR1R2 w - -"]
[Timezone "UTC"]
[ECO "C57"]
[ECOUrl "https://www.chess.com/openings/Italian-Game-Knight-Attack-Normal-Variation"]
[UTCDate "2010.12.01"]
[UTCTime "20:07:44"]
[WhiteElo "1438"]
[BlackElo "1691"]
[TimeControl "60"]
[Termination "hipposcottimus won by resignation"]
[StartTime "20:07:44"]
[EndDate "2010.12.01"]
[EndTime "20:08:28"]
[Link "https://www.chess.com/game/live/73089674"]

1. e4 e5 2. Nf3 Nc6 3. Bc4 Nf6 4. Ng5 d5 5. Bxd5 Nxd5 6. exd5 Qxg5 7. dxc6 Qxg2 8. Rf1 Qxc6 9. Qe2 Bd6 10. Nc3 O-O 11. d3 f5 12. Bd2 e4 13. dxe4 fxe4 14. O-O-O Re8 15. Qg4 Bxg4 0-1

[Event "Live Chess"]
[Site "Chess.com"]
[Date "2010.12.01"]
[Round "-"]
[White "hipposcottimus"]
[Black "Maddy1234"]
[Result "1-0"]
[CurrentPosition "rnb1k3/p3qpB1/2p4p/1p2N1p1/8/8/PPPQBPPP/3RK2R b Kkq -"]
[Timezone "UTC"]
[ECO "C40"]
[ECOUrl "https://www.chess.com/openings/Kings-Pawn-Opening-Kings-Knight-McConnell-Defense"]
[UTCDate "2010.12.01"]
[UTCTime "19:22:13"]
[WhiteElo "1688"]
[BlackElo "1398"]
[TimeControl "60"]
[Termination "hipposcottimus won on time"]
[StartTime "19:22:13"]
[EndDate "2010.12.01"]
[EndTime "19:24:13"]
[Link "https://www.chess.com/game/live/73077334"]

1. e4 e5 2. Nf3 Qf6 3. Nc3 c6 4. d4 d6 5. dxe5 dxe5 6. Bg5 Qd6 7. Bh4 Qc7 8. Bg3 Bd6 9. Qd2 h6 10. Rd1 g5 11. Nxe5 Bxe5 12. Bxe5 Qb6 13. Bxh8 Ne7 14. Bg7 Ng6 15. Na4 Qc7 16. Nc5 b6 17. Nd3 b5 18. e5 Nxe5 19. Nxe5 Qe7 20. Be2 1-0

[Event "Live Chess"]
[Site "Chess.com"]
[Date "2010.12.01"]
[Round "-"]
[White "SeanOB"]
[Black "hipposcottimus"]
[Result "1-0"]
[CurrentPosition "2bQr2k/6pp/8/pp6/3P4/2P3P1/PP5P/2K5 w - -"]
[Timezone "UTC"]
[ECO "D02"]
[ECOUrl "https://www.chess.com/openings/Queens-Pawn-Opening-Zukertort-Variation-2...c6-3.Bg5"]
[UTCDate "2010.12.01"]
[UTCTime "19:19:14"]
[WhiteElo "1048"]
[BlackElo "1685"]
[TimeControl "60"]
[Termination "SeanOB won by resignation"]
[StartTime "19:19:14"]
[EndDate "2010.12.01"]
[EndTime "19:21:09"]
[Link "https://www.chess.com/game/live/73076487"]

1. d4 d5 2. Nf3 c6 3. Bg5 Nd7 4. e3 f6 5. Bh4 Nh6 6. Bd3 f5 7. Nbd2 Nf6 8. c3 e6 9. Ne5 Be7 10. Be2 Ne4 11. Bxe7 Qxe7 12. Nxe4 dxe4 13. f3 O-O 14. fxe4 fxe4 15. Qd2 Nf5 16. O-O-O Qg5 17. Rde1 b6 18. Bg4 c5 19. Bxf5 exf5 20. g3 Qe7 21. Rhf1 cxd4 22. exd4 Ba6 23. Rf4 Rad8 24. Qf2 Bb7 25. Rxf5 Bc8 26. Rxf8+ Rxf8 27. Qe3 b5 28. Qxe4 a5 29. Qd5+ Kh8 30. Nf7+ Rxf7 31. Rxe7 Rxe7 32. Qd8+ Re8 1-0

[Event "Live Chess"]
[Site "Chess.com"]
[Date "2010.12.01"]
[Round "-"]
[White "hipposcottimus"]
[Black "SeanOB"]
[Result "0-1"]
[CurrentPosition "8/8/8/3k3K/6p1/8/6PP/8 w - -"]
[Timezone "UTC"]
[ECO "B10"]
[ECOUrl "https://www.chess.com/openings/Caro-Kann-Defense-2.Nf3-d5"]
[UTCDate "2010.12.01"]
[UTCTime "19:16:37"]
[WhiteElo "1685"]
[BlackElo "1048"]
[TimeControl "60"]
[Termination "SeanOB won on time"]
[StartTime "19:16:37"]
[EndDate "2010.12.01"]
[EndTime "19:18:50"]
[Link "https://www.chess.com/game/live/73075685"]

1. e4 c6 2. Nf3 d5 3. e5 Bg4 4. d4 Bxf3 5. Qxf3 e6 6. c4 Qb6 7. c5 Qa5+ 8. Nc3 Qb4 9. Be2 Qxd4 10. O-O Qxe5 11. Bf4 Qf6 12. Bd6 e5 13. Rfe1 Qxf3 14. Bxf3 Bxd6 15. cxd6 e4 16. b4 Nf6 17. b5 O-O 18. bxc6 bxc6 19. Bg4 Nbd7 20. Rac1 Rfd8 21. Na4 c5 22. Nxc5 Nxc5 23. Rxc5 Rxd6 24. Rd1 Rad8 25. Bc8 h6 26. Bb7 d4 27. Re5 d3 28. Bxe4 Nxe4 29. Rxe4 d2 30. Re2 Kf8 31. Kf1 a5 32. f3 a4 33. Kf2 a3 34. Ke3 Re8+ 35. Kf2 Rxe2+ 36. Kxe2 Ke7 37. Rxd2 Rxd2+ 38. Kxd2 Kd6 39. Kc3 Kc5 40. Kb3 Kb5 41. Kxa3 f5 42. Kb3 g5 43. a4+ Ka5 44. Kc4 Kxa4 45. Kd4 g4 46. fxg4 fxg4 47. Ke4 h5 48. Kf4 Kb5 49. Kg5 Kc4 50. Kxh5 Kd5 0-1

[Event "Live Chess"]
[Site "Chess.com"]
[Date "2010.12.01"]
[Round "-"]
[White "SeanOB"]
[Black "hipposcottimus"]
[Result "0-1"]
[CurrentPosition "5r2/pQpk2pp/3r4/6q1/8/7P/P2n1PP1/3R1R1K w - -"]
[Timezone "UTC"]
[ECO "A40"]
[ECOUrl "https://www.chess.com/openings/Englund-Gambit-Declined-Reversed-Alekhine-Reversed-Krebs-Reversed-Brooklyn-Variation"]
[UTCDate "2010.12.01"]
[UTCTime "19:13:37"]
[WhiteElo "1048"]
[BlackElo "1685"]
[TimeControl "60"]
[Termination "hipposcottimus won on time"]
[StartTime "19:13:37"]
[EndDate "2010.12.01"]
[EndTime "19:15:30"]
[Link "https://www.chess.com/game/live/73074929"]

1. d4 e5 2. Nf3 e4 3. Ng1 d5 4. e3 Nc6 5. c4 f6 6. cxd5 Qxd5 7. Nc3 Bb4 8. Bd2 Bxc3 9. bxc3 Be6 10. c4 Qd7 11. d5 Bxd5 12. cxd5 Qxd5 13. Ne2 O-O-O 14. Nf4 Qg5 15. Be2 Rd6 16. O-O Nh6 17. Qc2 f5 18. Bb4 Nxb4 19. Qb3 Nd3 20. Nxd3 exd3 21. Bxd3 Ng4 22. h3 Ne5 23. Be2 f4 24. exf4 Qxf4 25. Bf3 Qg5 26. Rae1 Rf8 27. Qxb7+ Kd7 28. Rd1 Nxf3+ 29. Kh1 Nd2 0-1

[Event "Live Chess"]
[Site "Chess.com"]
[Date "2010.12.01"]
[Round "-"]
[White "hipposcottimus"]
[Black "johnyd10"]
[Result "1-0"]
[CurrentPosition "2r2r1k/pp4pp/3p4/3b3q/3N4/3Q4/P5PP/3R3K b - -"]
[Timezone "UTC"]
[ECO "C51"]
[ECOUrl "https://www.chess.com/openings/Giuoco-Piano-Game-Evans-Accepted-McDonnell-Defense-6.O-O"]
[UTCDate "2010.12.01"]
[UTCTime "19:10:58"]
[WhiteElo "1685"]
[BlackElo "1694"]
[TimeControl "60"]
[Termination "hipposcottimus won on time"]
[StartTime "19:10:58"]
[EndDate "2010.12.01"]
[EndTime "19:13:02"]
[Link "https://www.chess.com/game/live/73074233"]

1. e4 e5 2. Nf3 Nc6 3. Bc4 Bc5 4. b4 Bxb4 5. c3 Bc5 6. O-O Nf6 7. d4 exd4 8. cxd4 Bb6 9. Nc3 O-O 10. d5 Na5 11. Bb3 Nxb3 12. Qxb3 Qe7 13. e5 Nh5 14. Bg5 f6 15. exf6 Nxf6 16. Rfe1 Qf7 17. Ne5 Qh5 18. d6+ Kh8 19. Bxf6 Rxf6 20. Nd5 Bxf2+ 21. Kh1 Bxe1 22. Rxe1 Rf8 23. Ne7 cxd6 24. Nf3 d5 25. Rg1 d6 26. Nxd5 Be6 27. Qd3 Bxd5 28. Nd4 Rac8 29. Rd1 1-0

[Event "Live Chess"]
[Site "Chess.com"]
[Date "2010.12.01"]
[Round "-"]
[White "hipposcottimus"]
[Black "helgefin"]
[Result "1-0"]
[CurrentPosition "1r5r/k5pp/2R5/pP2p1B1/3n4/3P4/1P3PPP/5RK1 b - -"]
[Timezone "UTC"]
[ECO "C57"]
[ECOUrl "https://www.chess.com/openings/Italian-Game-Traxler-Bishop-Sacrifice-Line-5...Ke7-6.Bb3"]
[UTCDate "2010.12.01"]
[UTCTime "19:08:18"]
[WhiteElo "1676"]
[BlackElo "1501"]
[TimeControl "60"]
[Termination "hipposcottimus won on time"]
[StartTime "19:08:18"]
[EndDate "2010.12.01"]
[EndTime "19:10:31"]
[Link "https://www.chess.com/game/live/73073543"]

1. e4 e5 2. Nf3 Nc6 3. Bc4 Nf6 4. Ng5 Bc5 5. Bxf7+ Ke7 6. Bb3 d5 7. exd5 Nxd5 8. Nf7 Kxf7 9. Qf3+ Qf6 10. Bxd5+ Ke7 11. Nc3 Qxf3 12. Bxf3 Bd7 13. Nd5+ Kd8 14. d3 Nd4 15. Be4 c6 16. O-O cxd5 17. Bxd5 Nxc2 18. Bxb7 Rb8 19. Bg5+ Kc7 20. Rac1 Nd4 21. Rxc5+ Kxb7 22. Rc4 Ka8 23. Rc7 Bb5 24. Rc5 a6 25. a4 Ka7 26. axb5 a5 27. Rc6 1-0

[Event "Live Chess"]
[Site "Chess.com"]
[Date "2010.12.01"]
[Round "-"]
[White "snowflakeobsidian"]
[Black "hipposcottimus"]
[Result "0-1"]
[CurrentPosition "8/pp3pkp/5p2/8/3bb3/1P4P1/P4r1P/2R3K1 w - -"]
[Timezone "UTC"]
[ECO "A00"]
[ECOUrl "https://www.chess.com/openings/Kings-Fianchetto-Opening-1...d5"]
[UTCDate "2010.12.01"]
[UTCTime "19:05:42"]
[WhiteElo "1443"]
[BlackElo "1672"]
[TimeControl "60"]
[Termination "hipposcottimus won on time"]
[StartTime "19:05:42"]
[EndDate "2010.12.01"]
[EndTime "19:07:28"]
[Link "https://www.chess.com/game/live/73072781"]

1. g3 d5 2. b3 e5 3. Bb2 e4 4. d3 c5 5. dxe4 Nc6 6. exd5 Nb4 7. d6 Bxd6 8. e3 Nf6 9. Nf3 Bd7 10. Bd3 O-O 11. Qe2 Re8 12. Ba3 Qb6 13. Bxb4 Qxb4+ 14. Qd2 c4 15. Qxb4 Bxb4+ 16. Nfd2 cxd3 17. cxd3 Bb5 18. O-O Bxd3 19. Rd1 Red8 20. Ne4 Bc2 21. Rxd8+ Rxd8 22. Nxf6+ gxf6 23. Nd2 Bc3 24. Rc1 Rxd2 25. Kg2 Be5 26. e4 Bxe4+ 27. Kg1 Bd4 28. Rc8+ Kg7 29. Rc1 Rxf2 0-1

[Event "Live Chess"]
[Site "Chess.com"]
[Date "2010.12.01"]
[Round "-"]
[White "hipposcottimus"]
[Black "snowflakeobsidian"]
[Result "1-0"]
[CurrentPosition "4r2r/5n1p/p3N1p1/2p1Pn1k/6N1/1P3Q2/P4PPP/4R1K1 b - -"]
[Timezone "UTC"]
[ECO "B00"]
[ECOUrl "https://www.chess.com/openings/Owens-Defense"]
[UTCDate "2010.12.01"]
[UTCTime "19:03:00"]
[WhiteElo "1672"]
[BlackElo "1443"]
[TimeControl "60"]
[Termination "hipposcottimus won on time"]
[StartTime "19:03:00"]
[EndDate "2010.12.01"]
[EndTime "19:05:02"]
[Link "https://www.chess.com/game/live/73072052"]

1. e4 b6 2. Nf3 Bb7 3. Nc3 Nc6 4. d4 e6 5. Bb5 Nce7 6. O-O g6 7. e5 Bg7 8. Bg5 Nh6 9. Bf6 O-O 10. Re1 Bc6 11. Qe2 Bxb5 12. Nxb5 a6 13. Nc3 d6 14. Ne4 dxe5 15. dxe5 c5 16. c4 b5 17. b3 bxc4 18. Qxc4 Qd5 19. Qe2 Nef5 20. Rad1 Qc6 21. Bxg7 Kxg7 22. Nf6 Qc7 23. Ng5 Rh8 24. Rd7 Qc6 25. Rxf7+ Nxf7 26. Qc4 Qd5 27. Nxe6+ Kh6 28. Qxd5 Rae8 29. Ng4+ Kh5 30. Qf3 1-0

[Event "Live Chess"]
[Site "Chess.com"]
[Date "2011.02.01"]
[Round "-"]
[White "alebits"]
[Black "hipposcottimus"]
[Result "1-0"]
[CurrentPosition "2r1r1k1/pp1b2pp/1qp2B2/5P2/4P3/5PQ1/PP5P/R3R2K w - -"]
[Timezone "UTC"]
[ECO "C31"]
[ECOUrl "https://www.chess.com/openings/Kings-Gambit-Declined-Falkbeer-Accepted-Staunton-Charousek-Gambit"]
[UTCDate "2011.02.01"]
[UTCTime "07:52:16"]
[WhiteElo "1770"]
[BlackElo "1788"]
[TimeControl "60"]
[Termination "alebits won by resignation"]
[StartTime "07:52:16"]
[EndDate "2011.02.01"]
[EndTime "07:53:54"]
[Link "https://www.chess.com/game/live/93564766"]

1. e4 e5 2. f4 d5 3. exd5 e4 4. d3 Qxd5 5. Nc3 Bb4 6. Bd2 Bxc3 7. Bxc3 Nf6 8. Ne2 exd3 9. cxd3 Qh5 10. Ng3 Qg4 11. Be2 Qe6 12. O-O O-O 13. Bf3 c6 14. Re1 Qd6 15. Qc2 Qd8 16. Ne4 Qb6+ 17. Kh1 Nxe4 18. dxe4 Re8 19. f5 Nd7 20. Qd2 Ne5 21. Qg5 f6 22. Qg3 Nxf3 23. gxf3 Bd7 24. Bxf6 Rac8 1-0

[Event "Live Chess"]
[Site "Chess.com"]
[Date "2011.02.01"]
[Round "-"]
[White "hipposcottimus"]
[Black "alebits"]
[Result "0-1"]
[CurrentPosition "7k/5p1p/4p1r1/7K/2r5/1N6/PP4PP/R7 w - -"]
[Timezone "UTC"]
[ECO "B30"]
[ECOUrl "https://www.chess.com/openings/Sicilian-Defense-Old-Sicilian-Variation"]
[UTCDate "2011.02.01"]
[UTCTime "07:49:18"]
[WhiteElo "1797"]
[BlackElo "1761"]
[TimeControl "60"]
[Termination "alebits won on time"]
[StartTime "07:49:18"]
[EndDate "2011.02.01"]
[EndTime "07:51:31"]
[Link "https://www.chess.com/game/live/93564237"]

1. e4 c5 2. Nf3 Nc6 3. e5 d6 4. d4 cxd4 5. Bb5 dxe5 6. Nxe5 Qd6 7. Bxc6+ bxc6 8. f4 Nf6 9. O-O e6 10. c3 dxc3 11. Qxd6 Bxd6 12. Nxc3 O-O 13. Nxc6 Bb7 14. Na5 Ba6 15. Nb3 Bxf1 16. Kxf1 Rad8 17. Be3 Bb8 18. Nb5 Nd5 19. Bxa7 Bxa7 20. Nxa7 Nxf4 21. Nc6 Nd3 22. Ke2 Rd6 23. Ne7+ Kh8 24. Nc8 Nf4+ 25. Kf3 Rc6 26. Kxf4 Rcxc8 27. Nd4 g5+ 28. Kxg5 Rc5+ 29. Kh6 Rg8 30. Nb3 Rc4 31. Kh5 Rg6 0-1

[Event "Live Chess"]
[Site "Chess.com"]
[Date "2011.02.01"]
[Round "-"]
[White "alebits"]
[Black "hipposcottimus"]
[Result "1-0"]
[CurrentPosition "rn3b1r/pp4kp/b2pBp1p/7Q/4P3/3P2P1/PPP4P/R4RK1 w - -"]
[Timezone "UTC"]
[ECO "C30"]
[ECOUrl "https://www.chess.com/openings/Kings-Gambit-Declined-Keene-Defense-3.g3-Qe7"]
[UTCDate "2011.02.01"]
[UTCTime "07:47:45"]
[WhiteElo "1752"]
[BlackElo "1806"]
[TimeControl "60"]
[Termination "alebits won by resignation"]
[StartTime "07:47:45"]
[EndDate "2011.02.01"]
[EndTime "07:48:51"]
[Link "https://www.chess.com/game/live/93563994"]

1. e4 e5 2. f4 Qh4+ 3. g3 Qe7 4. Ne2 d6 5. Nbc3 f6 6. Bg2 Be6 7. O-O Bc4 8. d3 Ba6 9. Be3 exf4 10. Nxf4 Nh6 11. Ncd5 Qd7 12. Ne6 Qxe6 13. Nxc7+ Kd7 14. Nxe6 Kxe6 15. Bxh6 gxh6 16. Bh3+ Kf7 17. Qh5+ Kg8 18. Be6+ Kg7 1-0